 Dungeon Crawl Stone Soup version 0.30-a0-782-ge64f9170bb (webtiles) character file.

Game seed: 4453139522524703809

3528 112233 the Thaumaturge (level 9, -4/66 HPs)
             Began as a Demonspawn Necromancer on Mar 1, 2023.
             Was a Believer of Vehumet.
             Slain by a two-headed ogre
             ... wielding a +0 glaive
              (12 damage)
             ... in a bailey.
             The game lasted 00:09:07 (7607 turns).

112233 the Thaumaturge (Demonspawn Necromancer)     Turns: 7607, Time: 00:09:08

Health: -4/66      AC:  5    Str:  9    XL:     9   Next: 82%
Magic:  10/22      EV: 14    Int: 20    God:    Vehumet [**....]
Gold:   356        SH:  4    Dex: 14    Spells: 19/27 levels left

rFire   . . .      SeeInvis .    v - +7 scythe
rCold   . . .      Faith    .    (shield currently unavailable)
rNeg    . . .      Spirit   .    a - +0 robe
rPois   .          Reflect  .    w - +0 helmet
rElec   .          Harm     .    b - +0 cloak {rCorr}
rCorr   +          Rampage  .    (no gloves)
Will    .....                    z - +0 pair of boots
Stlth   ++                       (no amulet)
HPRegen 0.31/turn                (no ring)
MPRegen 0.18/turn                (no ring)

@: no status effects
A: large bone plates 1, powered by death 2, demonic touch 1
a: Renounce Religion


You were in a bailey.
You worshipped Vehumet.
Vehumet was pleased with you.
You visited 1 branch of the dungeon, and saw 7 of its levels.
You also visited: Bailey.

You collected 356 gold pieces.

Inventory:

Hand Weapons
 e - a +0 dagger
 f - a +2 dagger of holy wrath
 v - a +7 scythe (weapon)
Missiles
 x - a throwing net
Armour
 a - a +0 robe (worn)
 b - a +0 cloak of preservation (worn)
 k - the +2 robe of Ileammul {Drain rN+ Will- Dex+5}
   (You found it on level 2 of the Dungeon)

   Dex:       It affects your dexterity (+5).
   rN:        It protects you from negative energy.
   Drain:     It drains your maximum health when unequipped.
   Will:      It decreases your willpower.
 s - a +0 buckler
 w - a +0 helmet (worn)
 z - a +0 pair of boots (worn)
Jewellery
 l - a ring of flight
Wands
 g - a wand of polymorph (7)
 u - a wand of flame (9) (quivered)
Scrolls
 h - 5 scrolls of identify {unknown}
 m - a scroll of amnesia
 q - 3 scrolls of teleportation
 r - a scroll of enchant armour {unknown}
 y - a scroll of noise {unknown}
Potions
 c - 5 potions of curing
 d - a potion of berserk rage
 i - 2 potions of heal wounds
 j - 3 potions of brilliance
 o - 3 potions of mutation {unknown}
 t - 2 potions of lignification {unknown}
 A - a potion of might
 B - a potion of flight {unknown}


   Skills:
 + Level 4.6 Fighting
 + Level 4.8 Dodging
 - Level 1.7 Stealth
 * Level 9.5 Spellcasting
 + Level 8.9 Necromancy


You had 19 spell levels left.
You knew the following spells:

 Your Spells              Type           Power      Damage    Failure   Level
a - Necrotise             Necr           100%       1d9       1%          1
b - Vampiric Draining     Necr           45%        2d9       1%          3
c - Animate Dead          Necr           45%        N/A       1%          4

Your spell library contained the following spells:

 Spells                   Type           Power      Damage    Failure   Level
 Poisonous Vapours        Pois/Air       18%        N/A       11%         2
 Agony                    Necr           45%        N/A       4%          5
 Beastly Appendage        Tmut           18%        N/A       8%          1
 Wereblood                Tmut           9%         N/A       11%         2
 Spider Form              Tmut/Pois      9%         N/A       22%         3


Dungeon Overview and Level Annotations

Branches:
Dungeon (7/15)             Temple (0/1) D:6          Bailey (1/1)

Altars:
Ashenzari
Kikubaaqudgha
Makhleb
Nemelex Xobeh
Okawaru
Sif Muna
Uskayaw
Vehumet
Xom
Yredelemnul

Annotations:
D:5 1 runed translucent door


Innate Abilities, Weirdness & Mutations

You are partially covered in large bone plates. (SH +4)
You regenerate health from kills.
Your touch may inflict minor irresistible damage on your foes.


Message History

Casting: Necrotise (safe; 1% risk of failure)
Confirm with . or Enter, or press ? or * to list all spells.
Aiming: Vampiric Draining (safe; 1% risk of failure)
Press: ? - help, Shift-Dir - straight line, f/p - two-headed ogre
Aim: a two-headed ogre, wielding a +0 glaive and a +0 halberd (lightly wounded)
You draw life force from the two-headed ogre!
You feel life coursing into your body!
The two-headed ogre hits you with a +0 glaive!
The two-headed ogre barely misses you.
Unknown command.
Casting: Vampiric Draining (safe; 1% risk of failure)
Confirm with . or Enter, or press ? or * to list all spells.
Aiming: Vampiric Draining (safe; 1% risk of failure)
Press: ? - help, Shift-Dir - straight line, f/p - two-headed ogre
Aim: a two-headed ogre, wielding a +0 glaive and a +0 halberd (moderately wounded)
You draw life force from the two-headed ogre!
You feel life coursing into your body.
Unknown command.
Casting: Vampiric Draining (safe; 1% risk of failure)
Confirm with . or Enter, or press ? or * to list all spells.
Aiming: Vampiric Draining (safe; 1% risk of failure)
Press: ? - help, Shift-Dir - straight line, f/p - two-headed ogre
Aim: a two-headed ogre, wielding a +0 glaive and a +0 halberd (heavily wounded)
You draw life force from the two-headed ogre.
You feel life coursing into your body.
The two-headed ogre hits you with a +0 glaive!
The two-headed ogre hits you with a +0 halberd!!
You hear an angry hiss.
Unknown command.
Casting: Vampiric Draining (safe; 1% risk of failure)
Confirm with . or Enter, or press ? or * to list all spells.
Aiming: Vampiric Draining (safe; 1% risk of failure)
Press: ? - help, Shift-Dir - straight line, f/p - two-headed ogre
Aim: a two-headed ogre, wielding a +0 glaive and a +0 halberd (heavily wounded)
You draw life force from the two-headed ogre!
You feel life coursing into your body.
The two-headed ogre hits you with a +0 glaive!!
* * * LOW HITPOINT WARNING * * *
The two-headed ogre hits you with a +0 halberd!
You die...

#########
##.......##
##.........##
##....~~~....#*
##..####~####..##
##..##.O@....#♣§§##
#..#♣..♣♣♣♣♣..#♣§§#
#..♣..**,,,**..#§§#
#..#.,*,,~,,*,.#§§#
#..#,,*,~~~,*,,#ii#
#..#,,*,,~,,*,,♣§§#
#..#,,**,,,**,,#§§#
#..##,,**~**,,#♣§§#
##..##,,,,,,,##..##


You could see a two-headed ogre.

Vanquished Creatures
  4 spriggans (Bailey)
  Sigmund (D:3)
  A steam dragon (D:7)
  2 water moccasins (D:6)
  An ice beast (D:7)
  An orc warrior (D:6)
  5 ogres
  A phantom (D:7)
  2 bullfrogs (D:7)
  4 necrophages
  2 scorpions (D:5)
  3 wights (D:6)
  3 bullfrog zombies (D:6)
  4 jellies
  6 hounds
  A human zombie (D:6)
  8 iguanas
  Ijyb (D:3)
  6 orc wizards
  A killer bee zombie (D:6)
  A mummy (D:6)
  6 adders
  A white imp (D:7)
  2 worms
  2 dart slugs (D:2)
  23 orcs
  6 endoplasms
  5 giant cockroaches
  12 goblins
  5 hobgoblins
  9 jackals
  3 quokkas
  8 ball pythons
  10 bats
  3 frilled lizards
  10 kobolds
  4 rats
167 creatures vanquished.

Vanquished Creatures (collateral kills)
  A scorpion (D:4)
  An orc (D:3)
  A ball python (D:1)
  3 goblins
  A rat (D:1)
7 creatures vanquished.

Grand Total: 174 creatures vanquished

Notes
Turn   | Place    | Note
-------+----------+-------------------------------------------
     0 | D:1      | 112233 the Demonspawn Necromancer began the quest for the
                  | Orb.
     0 | D:1      | Reached XP level 1. HP: 13/13 MP: 3/3
   220 | D:1      | Gained mutation: You regenerate a little health from kills.
                  | [demonic ancestry]
   220 | D:1      | Reached XP level 2. HP: 16/19 MP: 0/5
   708 | D:1      | Gained mutation: You regenerate health from kills. [demonic
                  | ancestry]
   708 | D:1      | Reached XP level 3. HP: 24/24 MP: 4/7
   795 | D:1      | Reached skill level 3 in Spellcasting
  1272 | D:2      | Reached skill level 5 in Necromancy
  1374 | D:2      | Identified the +2 robe of Ileammul {Drain rN+ Will- Dex+5}
  1452 | D:2      | Gained mutation: Your touch may inflict minor irresistible
                  | damage on your foes. [demonic ancestry]
  1452 | D:2      | Reached XP level 4. HP: 30/30 MP: 7/9
  1977 | D:3      | Found a hide-covered altar of Uskayaw.
  2318 | D:3      | Found a radiant altar of Vehumet.
  2348 | D:3      | Reached skill level 4 in Spellcasting
  2366 | D:3      | Reached XP level 5. HP: 23/35 MP: 0/11
  2715 | D:3      | Noticed Sigmund
  2739 | D:3      | Became a worshipper of Vehumet
  2797 | D:4      | Found a broken altar of Ashenzari.
  3205 | D:4      | Found a shimmering blue altar of Sif Muna.
  3244 | D:4      | Noticed an ogre
  3253 | D:4      | Killed an ogre
  3254 | D:4      | Reached skill level 5 in Spellcasting
  3254 | D:4      | Reached XP level 6. HP: 34/41 MP: 6/13
  3261 | D:4      | Learned a level 3 spell: Vampiric Draining
  3371 | D:5      | Entered Level 5 of the Dungeon
  3427 | D:5      | Gained mutation: You are partially covered in large bone
                  | plates. (SH +4) [demonic ancestry]
  3427 | D:5      | Reached XP level 7. HP: 46/46 MP: 1/15
  3565 | D:5      | Reached skill level 6 in Spellcasting
  3602 | D:5      | Found an iron altar of Okawaru.
  4037 | D:5      | Found a shimmering altar of Xom.
  4073 | D:5      | Learned a level 4 spell: Animate Dead
  4384 | D:5      | Reached * piety under Vehumet
  4384 | D:5      | Offered knowledge of Magic Dart by Vehumet.
  4408 | D:5      | Reached skill level 7 in Spellcasting
  4553 | D:5      | Found a runed translucent door.
  4786 | D:3      | Noticed Ijyb
  4793 | D:3      | Killed Ijyb
  4884 | D:3      | Killed Sigmund
  4885 | D:3      | Reached skill level 1 in Fighting
  4885 | D:3      | Reached XP level 8. HP: 52/54 MP: 9/18
  5335 | D:6      | Found a staircase to the Ecumenical Temple.
  5564 | D:6      | Reached skill level 8 in Spellcasting
  5634 | D:6      | Found a basalt altar of Yredelemnul.
  5735 | D:6      | Found a sparkling altar of Nemelex Xobeh.
  6130 | D:6      | Reached XP level 9. HP: 63/63 MP: 14/21
  6240 | D:6      | Found a shimmering blue altar of Sif Muna.
  6398 | D:6      | Found an ancient bone altar of Kikubaaqudgha.
  6875 | D:7      | Reached ** piety under Vehumet
  6886 | D:7      | Offered knowledge of Poisonous Vapours by Vehumet.
  6964 | D:7      | Found a burning altar of Makhleb.
  7238 | D:7      | Found a flagged portal.
  7259 | Bailey   | Entered a bailey
  7294 | Bailey   | Reached skill level 9 in Spellcasting
  7601 | Bailey   | Noticed a two-headed ogre
  7607 | Bailey   | Slain by a two-headed ogre

Illustrated notes

Levels and vault maps discovered:
D:1:      lightli_arrival_statue_moat, layout_rooms
D:2:      layout_rooms, minmay_close_crescents
D:3:      layout_loops_ring, nicolae_vehumet_radiance,
          eat_drink_and_be_merry_uskayaw, uniq_sigmund, uniq_ijyb
D:4:      layout_rooms, pf_just_have_faith, mainiacjoe_overflow_boulevard,
          serial_glass, glass_columns_b, glass_columns_a, gup_sewer_entry_bowl
D:5:      layout_basic, dk_xom_monty_hall, okawaru_trees_1,
          mumra_transporter_accident, minmay_misc_feat_chi, dk_vineyard_2,
          lightli_church_of_beogh
D:6:      layout_loops_ring, lemuel_mausoleum_altar_yredelemnul,
          nemelex_xobeh_ov_fountains_minmay, minmay_temple_entry_trees,
          hangedman_feature_mirror
D:7:      layout_layer_cave, lemuel_coloured_pillars_altar,
          makhleb_heckhound_becter, enter_bailey_5
Bailey:   bailey_polearm_enchanted_keep_hellmonk, bailey

Skill      XL: |  1  2  3  4  5  6  7  8  9 |
---------------+----------------------------+-----
Spellcasting   | 3 4 5 7 8 9 |  9.5
Necromancy     | 5 6 7 8 |  8.9
Dodging        | 2 3 4 |  4.8
Fighting       | 1 3 4 |  4.6
Stealth        | |  1.7

Action                     |  1- 3 |  4- 6 |  7- 9 || total
---------------------------+-------+-------+-------++-------
  Melee: Dagger            |     3 |     7 |     3 ||    13
         Touch             |       |     1 |     1 ||     2
         Halberd           |       |       |   108 ||   108
   Cast: Necrotise         |    72 |   120 |   126 ||   318
         Vampiric Draining |       |     2 |    47 ||    49
  Evoke: Wand              |       |       |     8 ||     8
    Use: Potion            |     1 |     6 |     3 ||    10
         Scroll            |       |       |     5 ||     5
   Stab: Sleeping          |       |       |     9 ||     9
 Armour: Robe              |     9 |    19 |    24 ||    52
  Dodge: Dodged            |    24 |    33 |   119 ||   176
  Block: Other             |       |       |    43 ||    43

Table legend: (Time is in decaauts)
 A = Elapsed time spent in this place.
 B = Non-inter-level travel time spent in this place.
 C = Inter-level travel time spent in this place.
 D = Time resting spent in this place.
 E = Time spent auto-exploring this place.
 F = Levels seen in this place.
 G = Mean time per level.
                   A        B        C        D        E       F      G
               +--------+--------+--------+--------+--------+-----+--------+
         Total |   7701 |   7367 |    334 |    420 |   5742 |   8 |  962.6 |
       Dungeon |   7346 |   7012 |    334 |    175 |   5681 |   7 | 1049.4 |
        Bailey |    354 |    354 |      0 |    245 |     61 |   1 |  354.0 |
               +--------+--------+--------+--------+--------+-----+--------+

Top non-repeatable levels by time:
     D:5: 1299 daAuts
     D:6: 1284 daAuts
     D:3: 1127 daAuts
     D:1: 1073 daAuts
     D:4: 993 daAuts
     D:2: 842 daAuts
     D:7: 725 daAuts
  Bailey: 354 daAuts
